 Dungeon Crawl Stone Soup version 0.19-a0-1201-gda63bca (webtiles) character file.

1344 inmateoo the Slasher (level 8, -4/68 HPs)
             Began as a Demigod Gladiator on Aug 20, 2016.
             Blown up by Pikel the orb spider (45 damage)
             ... with an orb of destruction
             ... on level 5 of the Dungeon.
             The game lasted 00:08:07 (6175 turns).

inmateoo the Slasher (Demigod Gladiator)            Turns: 6175, Time: 00:08:08

Health: -4/68      AC:  7    Str: 16 (18) XL:     8   Next: 13%
Magic:  10/10      EV: 15    Int: 10      God:
Gold:   293        SH:  0    Dex: 19      Spells: 0 memorised, 7 levels left

rFire  . . .     SeeInvis .     a - +1 long sword
rCold  . . .     Gourm    .     b - +0 leather armour
rNeg   . . .     Faith    .     (no shield)
rPois  .         Spirit   .     (helmet restricted)
rElec  .         Dismiss  .     l - +1 cloak
rCorr  .         Reflect  .     (no gloves)
MR     .....     Harm     .     (no boots)
Stlth  +.........               (no amulet)
                                (no ring)
                                (no ring)

@: no status effects
A: horns 1, talons 2, molten scales 1, rough black scales 1, deformed body,
deterioration 1, dopey 1, high mp 1, wild magic 1
a: no special abilities


You were on level 5 of the Dungeon.
You were hungry.

You visited 1 branch of the dungeon, and saw 6 of its levels.

You collected 293 gold pieces.

Inventory:

Hand Weapons
 a - a +1 long sword (weapon)
Missiles
 d - 2 throwing nets (quivered)
Armour
 b - a +0 leather armour (worn)
 c - a +1 helmet
 l - a +1 cloak (worn)
Jewellery
 m - an uncursed amulet of dismissal {unknown}
Wands
 u - a wand of polymorph (2/24)
 w - a wand of lightning (7/15)
Scrolls
 e - 2 scrolls of magic mapping
 g - a scroll of teleportation
 j - 3 scrolls of identify
 k - a scroll of remove curse
 p - a scroll of fear
 s - 3 scrolls of enchant armour
Potions
 h - a potion of brilliance
 i - 2 potions of curing
 n - a potion of cancellation
 t - a potion of magic {unknown}
 v - a potion of haste {unknown}
Comestibles
 f - 7 bread rations
 o - a meat ration
 q - 2 beef jerkies
 r - a slice of pizza


   Skills:
 + Level 5.3 Fighting
 * Level 7.0 Long Blades
 - Level 1.7 Throwing
 + Level 5.2 Dodging


You had 7 spell levels left.
You didn't know any spells.

Dungeon Overview and Level Annotations

Branches:
Dungeon (6/15)             Temple (0/1) D:4

Annotations:
D:3 Sigmund
D:5 Pikel


Innate Abilities, Weirdness & Mutations

You have an increased reservoir of magic. (+10% MP)
You have a pair of small horns on your head.
You have razor-sharp toenails.
You are partially covered in molten scales. (AC +2)
You are partially covered in rough black scales. (AC +2, Dex -1)
Armour fits poorly on your strangely shaped body.
Your body sometimes deteriorates upon taking damage.
You are dopey. (Int -2)
Your spells are a little harder to cast, but a little more powerful.


Message History

The slave is almost dead.
The slave hits you!
You hit the slave but do no damage. Your kick misses the slave.
You headbutt the slave.
The slave is almost dead.
The slave hits you!
You slash the slave!
You kill the slave!
That felt strangely unrewarding.
Evoke which item? (* to show all) (? for menu, Esc to quit)
Zapping:
u - a wand of polymorph {zapped: 2} (will waste charges)
Press: ? - help, Shift-Dir - straight line, f - Pikel
Aim: Pikel the orb spider (fully charged, chance to defeat MR: 28%) Pikel easily resists.
Evoking this partially-identified wand wasted a few charges.
Pikel weaves a glowing orb of energy.
An orb of destruction comes into view.
The orb of destruction hits you!
Ouch! That really hurt!
You die...

#.............#..........
#....s........#..........
#....p........#..........
#.............#..........
#...###########..........
#...####.[..#.....#'#####
#....s§§<...#.....#......
#.......§...#.....#......
#.......@...#.....#......
#.....>.....'.....#......
#...........#.....#......
########...##.....#....##
##...#......###'###
#....#......#......
#....#......#......
#....#......#......
######......#######


You could see Pikel the orb spider.

Vanquished Creatures
  Menkaure (D:5)
  Edmund (D:5)
  An orc warrior (D:4)
  2 sky beasts
  2 slaves
  An ogre (D:6)
  A centaur (D:6)
  A giant frog (D:6)
  A scorpion (D:4)
  A howler monkey (D:5)
  A crimson imp (D:5)
  A hound (D:4)
  2 orc wizards
  Ijyb (D:2)
  Natasha (twice) (D:4)
  4 worker ants (D:4)
  7 adders
  2 shadow imps (D:5)
  3 oozes
  An adder zombie (D:5)
  5 worms
  A dart slug (D:3)
  3 giant geckos
  9 orcs
  7 giant cockroaches
  8 goblins
  2 hobgoblins (D:1)
  8 jackals
  7 quokkas
  A ball python (D:1)
  12 bats
  A giant gecko skeleton (D:5)
  5 giant newts
  7 kobolds
  14 rats
126 creatures vanquished.

Vanquished Creatures (others)
  2 slaves (D:5)
2 creatures vanquished.

Grand Total: 128 creatures vanquished

Notes
Turn   | Place    | Note
-------+----------+-------------------------------------------
     0 | D:1      | inmateoo the Demigod Gladiator began the quest for the Orb.
     0 | D:1      | Reached XP level 1. HP: 17/17 MP: 3/3
   591 | D:1      | Reached XP level 2. HP: 23/24 MP: 4/4
   595 | D:1      | Reached skill level 3 in Long Blades
  1039 | D:1      | Reached XP level 3. HP: 29/29 MP: 5/5
  1073 | D:2      | Found a blossoming altar of Fedhas.
  1623 | D:2      | Found an opulent altar of Gozag.
  1624 | D:2      | Found a sparkling altar of Nemelex Xobeh.
  1879 | D:3      | Reached XP level 4. HP: 21/37 MP: 6/6
  2685 | D:3      | Noticed Ijyb
  2686 | D:3      | Noticed Sigmund
  2718 | D:2      | Killed Ijyb
  2748 | D:3      | Reached skill level 4 in Long Blades
  2996 | D:3      | Reached XP level 5. HP: 27/45 MP: 7/7
  3319 | D:4      | Found a staircase to the Ecumenical Temple.
  3358 | D:4      | Noticed Natasha
  3364 | D:4      | Killed Natasha
  3545 | D:4      | Reached XP level 6. HP: 44/51 MP: 8/8
  3635 | D:4      | Reached skill level 5 in Long Blades
  3951 | D:4      | Found a bloodstained altar of Trog.
  4120 | D:4      | Noticed Natasha
  4125 | D:4      | Killed Natasha
  4317 | D:4      | Reached XP level 7. HP: 43/59 MP: 9/9
  4336 | D:4      | Gained mutation: You are partially covered in rough black scales. (AC +2, Dex -1) [mutagenic meat]
  4339 | D:4      | Gained mutation: You have sharp toenails. [mutagenic meat]
  4342 | D:4      | Gained mutation: Your spells are a little harder to cast, but a little more powerful. [mutagenic meat]
  4345 | D:4      | Gained mutation: Armour fits poorly on your strangely shaped body. [mutagenic meat]
  4537 | D:5      | Entered Level 5 of the Dungeon
  4538 | D:5      | Noticed Edmund
  4561 | D:5      | Killed Edmund
  4572 | D:5      | Noticed Menkaure
  4580 | D:5      | Killed Menkaure
  4580 | D:5      | Reached skill level 6 in Long Blades
  5032 | D:5      | Noticed Pikel
  5361 | D:6      | Reached skill level 5 in Fighting
  5361 | D:6      | Reached skill level 5 in Dodging
  5369 | D:6      | Gained mutation: Your body sometimes deteriorates upon taking damage. [mutagenic meat]
  5372 | D:6      | Gained mutation: You have a pair of small horns on your head. [mutagenic meat]
  5375 | D:6      | Gained mutation: You are dopey. (Int -2) [mutagenic meat]
  5378 | D:6      | Gained mutation: You are partially covered in molten scales. (AC +2) [mutagenic meat]
  5381 | D:6      | Gained mutation: You have razor-sharp toenails. [mutagenic meat]
  5431 | D:6      | Reached XP level 8. HP: 59/68 MP: 10/10
  5491 | D:6      | Found a glowing silver altar of Zin.
  5672 | D:6      | Reached skill level 7 in Long Blades
  5894 | D:5      | Noticed Pikel
  5894 | D:5      | Pikel changed into Pikel the orb spider
  6175 | D:5      | Blown up by Pikel the orb spider

Vault maps used:
D:1:      dpeg_arrival_boxorama, minmay_unequal
D:2:      grunt_temple_overflow_opulence, lemuel_crystal_altar,
          grunt_ministairs_11
D:3:      first_bread, hex_medium, uniq_sigmund, uniq_iyjb
D:4:      lightli_temple_of_fire, uniq_natasha
D:5:      uniq_edmund, uniq_pikel, uniq_menkaure
D:6:      old_standard_altar, serial_park_tiny_1, minivault_1

Skill      XL: |  1  2  3  4  5  6  7  8 |
---------------+-------------------------+-----
Fighting       | 2 3 4 5 |  5.3
Long Blades    | 3 4 5 6 7 |  7.0
Dodging        | 3 4 5 |  5.2
Throwing       | |  1.7

Action                   |  1- 3 |  4- 6 |  7- 9 || total
-------------------------+-------+-------+-------++-------
Melee: Long sword        |   184 |   222 |   165 ||   571
       Kick              |       |       |    58 ||    58
       Headbutt          |       |       |    14 ||    14
Throw: Throwing net      |       |     1 |     1 ||     2
Evoke: Wand              |       |       |     3 ||     3
  Use: Scroll            |       |    12 |     3 ||    15
       Potion            |       |     1 |     1 ||     2
 Stab: Sleeping          |     3 |     3 |     1 ||     7
       Held in net/web   |       |       |     1 ||     1
  Eat: Chunk             |     3 |     8 |    16 ||    27
Armor: Leather armour    |    31 |    46 |    28 ||   105
       Skin              |       |       |    13 ||    13
Dodge: Dodged            |   101 |   131 |    73 ||   305
